 Seeded DCSS version 0.27.0-1-g7a089689b8 (webtiles) character file.

Game seed: 13435453013147752700 (custom seed)

31 wilfster70 the Chiller (level 3, -1/25 HPs)
             Began as a Gnoll Ice Elementalist on Aug 10, 2021.
             Killed from afar by a white imp (11 damage)
             ... with a puff of frost
             ... summoned by Natasha
             ... on level 2 of the Dungeon.
             The game lasted 00:04:35 (1448 turns).

wilfster70 the Chiller (Gnoll Ice Elementalist)     Turns: 1448, Time: 00:04:36

Health: -1/25      AC:  2    Str:  7    XL:     3   Next: 22%
Magic:  9/9        EV: 13    Int: 15    God:
Gold:   62         SH:  0    Dex: 12    Spells: 11/12 levels left

rFire    . . .     SeeInvis .   a - +0 dagger (venom)
rCold    . . .     Faith    .   (no shield)
rNeg     . . .     Spirit   .   g - +0 robe
rPois    .         Reflect  .   (no helmet)
rElec    .         Harm     .   (no cloak)
rCorr    .         Rampage  .   (no gloves)
Will     .....                  (no boots)
Stlth    ++........             (no amulet)
HPRegen  0.08/turn              (no ring)
MPRegen  0.11/turn              (no ring)

@: no status effects
A: fangs 1, strong nose, distributed training
a: no special abilities


You were on level 2 of the Dungeon.
You visited 1 branch of the dungeon, and saw 3 of its levels.

You collected 62 gold pieces.

Inventory:

Hand Weapons
 a - a +0 dagger of venom (weapon)
 b - a +0 spear
Armour
 g - a +0 robe (worn)
Scrolls
 c - a scroll of silence {unknown}
 d - a scroll of teleportation {unknown}
 e - a scroll of vulnerability {unknown}
 i - a scroll of enchant weapon {unknown}
Potions
 f - a potion of curing {unknown}
 h - a potion of cancellation {unknown}


   Skills:
 + Level 0.7 Fighting
 + Level 0.7 Short Blades
 + Level 0.7 Long Blades
 + Level 0.7 Axes
 + Level 0.7 Maces & Flails
 + Level 0.7 Polearms
 + Level 0.7 Staves
 + Level 0.7 Slings
 + Level 0.7 Bows
 + Level 0.7 Crossbows
 + Level 0.7 Throwing
 + Level 0.7 Armour
 + Level 4.5 Dodging
 + Level 4.1 Stealth
 + Level 0.7 Shields
 + Level 0.7 Unarmed Combat
 + Level 5.0 Spellcasting
 + Level 0.5 Conjurations
 + Level 0.5 Hexes
 + Level 0.5 Summonings
 + Level 0.5 Necromancy
 + Level 0.5 Translocations
 + Level 0.5 Transmutations
 + Level 0.5 Fire Magic
 + Level 7.1 Ice Magic
 + Level 0.5 Air Magic
 + Level 0.5 Earth Magic
 + Level 0.5 Poison Magic
 + Level 0.9 Invocations
 + Level 0.7 Evocations


You had 11 spell levels left.
You knew the following spells:

 Your Spells              Type           Power      Damage    Failure   Level
a - Freeze                Ice            100%       1d11      1%          1

Your spell library contained the following spells:

 Spells                   Type           Power      Damage    Failure   Level
 Frozen Ramparts          Ice            50%        1d7       2%          3
 Ozocubu's Armour         Ice            25%        N/A       2%          3
 Summon Small Mammal      Summ           20%        N/A       13%         1
 Hailstorm                Conj/Ice       15%        3d5       34%         4
 Call Canine Familiar     Summ           5%         N/A       36%         3
 Summon Guardian Golem    Hex/Summ       5%         N/A       36%         3


Dungeon Overview and Level Annotations

Branches:
Dungeon (3/15)

Altars:

Annotations:
D:2 Natasha, Sigmund


Innate Abilities, Weirdness & Mutations

You have very sharp teeth.
Your uncanny sense of smell can sniff out nearby items.
Your experience applies equally to all skills.


Message History

The giant cockroach is severely wounded.
You kill the giant cockroach!
You now have 62 gold pieces (gained 8).
A rat comes into view.
You hit the rat but do no damage. The rat misses you.
You barely miss the rat. The rat bites you.
You hit the rat.
You kill the rat!
HP restored.
Done exploring.
Done exploring.
(D) Dungeon
Where to? (? - help)
There is a stone staircase leading down here.
You climb downwards.
Level annotation: Sigmund 2 jackals come into view.
Found a leather armour and a brown potion.
There is a stone staircase leading up here.
The helpless jackal fails to defend itself.
You puncture the jackal!
You kill the jackal!
You see here a jackal corpse.
Natasha, Servant of Life and Death comes into view.
The helpless jackal fails to defend itself.
You puncture the jackal!
You kill the jackal!
You see here a jackal corpse.
Found 19 stones.
Natasha hisses angrily.
Natasha casts a spell.
You closely miss Natasha. Your bite misses Natasha. Natasha barely misses you.
The white imp closely misses you.
You hit Natasha but do no damage. Natasha claws you.
The white imp gestures at you. The puff of frost hits you!
You hit Natasha but do no damage.
Natasha is poisoned.
Natasha mumbles some strange words.
The white imp gestures at you. The puff of frost hits you!
You die...

### #(. ∆ # #.#
.##.# #.##.##.!...
#5.h5...# #@##.#
#.##.# # #.##.#
####.....
#.#.##.###.........
#..†.†...#........#
#.....<#.#........#
##.[#### #.........
#... #........#
#.## # #.........


You could see Natasha (very poisoned), a crimson imp (summoned) and a white imp
(summoned).

Vanquished Creatures
  A giant cockroach (D:1)
  A hobgoblin (D:1)
  5 jackals (D:2)
  5 kobolds (D:1)
  3 quokkas (D:1)
  2 ball pythons (D:1)
  3 bats (D:1)
  A frilled lizard (D:1)
  3 goblins (D:1)
  4 rats
28 creatures vanquished.

Notes
Turn   | Place    | Note
-------+----------+-------------------------------------------
     0 | D:1      | wilfster70 the Gnoll Ice Elementalist began the quest for
                  | the Orb.
     0 | D:1      | Reached XP level 1. HP: 13/13 MP: 6/6
   203 | D:1      | Found a faded altar of an unknown god.
   207 | D:1      | Reached XP level 2. HP: 9/19 MP: 5/7
  1253 | D:1      | You fall into a shaft and drop 1 floor!
  1253 | D:2      | Noticed Sigmund
  1274 | D:2      | Reached XP level 3. HP: 25/25 MP: 9/9
  1280 | D:2      | Reached skill level 5 in Spellcasting
  1439 | D:2      | Noticed Natasha
  1448 | D:2      | Killed from afar by a white imp

Illustrated notes

Levels and vault maps discovered:
D:1:      giann_forest_graveyard, layout_loops_ring,
          shapermc_ecumenical_altar_pompeii, supply_closet_lemuel
D:2:      layout_loops_cross, basic_altar, uniq_natasha, uniq_jessica,
          uniq_sigmund
D:3:      layout_loops_corners, kennysheep_generic_room_4

Skill      XL: |  1  2  3 |
---------------+----------+-----
Spellcasting   | 5 |  5.0
Fighting       | |  0.7
Short Blades   | |  0.7
Long Blades    | |  0.7
Axes           | |  0.7
Maces & Flails | |  0.7
Polearms       | |  0.7
Staves         | |  0.7
Slings         | |  0.7
Bows           | |  0.7
Crossbows      | |  0.7
Throwing       | |  0.7
Armour         | |  0.7
Dodging        | |  4.5
Stealth        | |  4.1
Shields        | |  0.7
Unarmed Combat | |  0.7
Conjurations   | |  0.5
Hexes          | |  0.5
Summonings     | |  0.5
Necromancy     | |  0.5
Translocations | |  0.5
Transmutations | |  0.5
Fire Magic     | |  0.5
Ice Magic      | |  7.1
Air Magic      | |  0.5
Earth Magic    | |  0.5
Poison Magic   | |  0.5
Invocations    | |  0.9
Evocations     | |  0.7

Action                   || total
-------------------------++-------
Melee: Dagger            ||    58
       Bite              ||     6
 Cast: Freeze            ||     8
 Stab: Sleeping          ||    10
Armor: Robe              ||     8
Dodge: Dodged            ||    42
